cohdb
Replays
Latest Replays
All Replays
Popular Replays
Top Player Replays
Match Explorer
How It Works
Community
CoH3 Stats
Reddit
Sign in to upload your games and track your stats! →
Sign in with Steam
Match 42744851
Unlisted
Match 42744851
Overview
Messages
Build Orders
End
Panzergrenadier Squad
Panzergrenadier Squad
Construct Light Support Kompanie
MG34 Team
Fire Support Elements
le.IG 18 Support Gun Team
Flakvierling Half-track
Selects Battlefield Espionage Battlegroup
Assault Mechanized Group
Selects 250/3 Funkpanzerwagen
Selects Anti-Tank Incendiary Munitions
Construct Panzerarmee Kommand
2.5-tonne Medical Truck
Pak 38 Anti-tank Gun Team
Panzer III L Medium Tank
Pak 38 Mechanized Group
ttheadventure
kiven
starchy
nakdbananas
0
0
Comments
sign in to comment!
No comments posted yet!